Vancouver Canucks vs San Jose Sharks
Created - Saturday, April 19, 2025 at 08:56
Goals
|
| Vancouver Canucks |
2 |
1 |
0 |
3 |
| San Jose Sharks |
3 |
1 |
1 |
5 |
|
Shots
|
| Vancouver Canucks |
15 |
6 |
8 |
29 |
| San Jose Sharks |
13 |
9 |
11 |
33 |
|
1st period
1. Vancouver Canucks , Robby Fabbri 10 (Connor Zary 19, Anton Lundell 17) at 2:08 (PP)
2. San Jose Sharks , Eeli Tolvanen 15 (Sean Durzi 14, Christopher Tanev 14) at 7:51
3. San Jose Sharks , Adam Henrique 14 (Yegor Sharangovich 28, Kevin Fiala 30) at 12:56
4. San Jose Sharks , Ryan Johansen 7 (Jonathan Drouin 24) at 18:01
5. Vancouver Canucks , Casey Mittelstadt 13 (Robby Fabbri 25, Connor Zary 20) at 18:51
Penalties :
Ryan Johansen (SJS) for Cross-checking (Minor) at 0:26, Adam Henrique (SJS) for Slashing (Minor) at 3:09, Ryan Johansen (SJS) for Roughing (Minor) at 5:41
2nd period
6. San Jose Sharks , Jonathan Drouin 20 (Alec Martinez 8) at 14:52
7. Vancouver Canucks , Robby Fabbri 11 (Connor Zary 21, Noah Hanifin 18) at 18:34 (PP)
Penalties :
Max Domi (SJS) for Tripping (Minor) at 1:50, Connor Murphy (SJS) for Spearing (Major / Game Misconduct) at 5:32, Max Domi (SJS) for Hooking (Minor) at 16:49
3rd period
8. San Jose Sharks , Yegor Sharangovich 17 (Kevin Fiala 31, Christopher Tanev 15) at 19:07
Penalties :
Jonathan Drouin (SJS) for Delaying the game (Minor) at 2:33, Matthew Knies (SJS) for Holding (Minor) at 10:16, Robby Fabbri (VAN) for Tripping (Minor) at 12:42, Dmitry Orlov (SJS) for Holding (Minor) at 16:38
Goalie Stats
Justus Annunen (VAN), 28 saves from 33 shots - (0.848), L, 6-8-0, 60:00 minutes
Stuart Skinner (SJS), 26 saves from 29 shots - (0.897), W, 23-10-2, 60:00 minutes
Players Stats for Vancouver Canucks
Player Name G A P +/- PIM S H SB GA TA FO MP PP MP PK MP
------------------------------------------------------------------------------------
Aku Raty 0 0 0 -2 0 3 1 0 0 0 8/21 15:22 0:00 0:00
Anton Lundell 0 1 1 -2 0 0 2 1 1 0 2/3 16:18 10:35 0:00
Artturi Lehkonen 0 0 0 -2 0 3 3 0 1 0 1/2 20:33 8:52 0:55
Brett Leason 0 0 0 0 0 1 2 0 0 0 4/6 15:36 10:04 1:04
Casey Mittelstadt 1 0 1 -1 0 2 1 0 0 0 4/7 10:26 2:22 0:00
Chad Ruhwedel 0 0 0 0 0 0 0 1 0 0 0/0 12:48 0:00 0:56
Clayton Keller 0 0 0 -1 0 6 1 1 2 1 0/0 23:19 7:54 0:00
Connor Zary 0 3 3 -2 0 3 3 0 0 1 0/0 20:22 10:04 0:00
Emil Martinsen Lilleberg 0 0 0 0 0 0 1 0 0 0 0/0 10:35 0:00 0:00
Jacob Bernard-Docker 0 0 0 0 0 0 0 1 0 0 0/0 11:50 0:00 0:00
Jesperi Kotkaniemi 0 0 0 -2 0 0 0 0 0 0 7/12 11:04 0:00 0:00
Matias Maccelli 0 0 0 -1 0 0 0 0 1 0 0/0 6:10 1:25 0:00
Mikko Rantanen 0 0 0 -1 0 3 1 0 2 1 2/9 24:00 8:13 1:04
Miro Heiskanen 0 0 0 -2 0 0 2 0 1 1 0/0 25:14 10:03 0:56
Noah Hanifin 0 1 1 -4 0 2 0 2 1 0 0/0 26:33 10:17 1:03
Robby Fabbri 2 1 3 1 2 4 2 1 0 0 1/1 15:55 10:04 0:00
Ryan McDonagh 0 0 0 0 0 2 0 1 0 0 0/0 21:26 10:03 1:03
Ty Dellandrea 0 0 0 -1 0 0 2 0 0 0 0/0 10:29 1:44 0:55
Players Stats for San Jose Sharks
Player Name G A P +/- PIM S H SB GA TA FO MP PP MP PK MP
------------------------------------------------------------------------------------
Adam Henrique 1 0 1 1 2 2 0 0 0 0 11/18 19:59 0:54 7:33
Alec Martinez 0 1 1 0 0 0 1 0 0 1 0/0 19:19 0:08 6:58
Brandon Tanev 0 0 0 -1 0 0 1 1 0 1 0/3 13:54 0:00 4:41
Christopher Tanev 0 2 2 3 0 1 3 2 0 1 0/0 25:52 0:54 9:03
Connor Murphy 0 0 0 1 15 1 2 1 0 0 0/0 11:28 0:00 3:25
Dmitry Orlov 0 0 0 0 2 1 0 0 1 0 0/0 14:37 0:57 1:15
Eeli Tolvanen 1 0 1 1 0 2 1 0 0 1 0/0 8:08 0:00 0:50
Ilya Mikheyev 0 0 0 2 0 3 1 0 0 0 0/0 7:38 0:03 0:00
Jonathan Drouin 1 1 2 2 2 6 1 0 0 0 0/0 10:51 1:05 0:00
Kevin Fiala 0 2 2 2 0 3 1 0 0 0 1/3 20:51 0:54 8:30
Marcus Pettersson 0 0 0 2 0 0 0 0 0 1 0/0 23:32 1:05 10:25
Matthew Knies 0 0 0 2 2 3 2 0 0 0 0/1 12:26 1:05 1:15
Max Domi 0 0 0 -1 4 3 2 1 0 0 8/16 10:58 0:00 1:58
Noel Acciari 0 0 0 1 0 1 0 0 0 0 5/6 7:18 0:00 0:00
Ryan Johansen 1 0 1 2 4 1 2 1 1 2 6/13 18:11 1:02 7:22
Sean Durzi 0 1 1 2 0 0 0 3 1 1 0/0 24:25 0:54 9:34
T.J. Oshie 0 0 0 -1 0 1 0 1 1 0 1/1 8:41 0:00 0:00
Yegor Sharangovich 1 1 2 2 0 5 2 1 0 1 0/0 21:23 0:54 8:31
3 Stars
1 - Yegor Sharangovich (SJS)
2 - Robby Fabbri (VAN)
3 - Christopher Tanev (SJS)
Power Play
Vancouver Canucks - 2 on 9 Attempt(s) - 22.22%
San Jose Sharks - 0 on 1 Attempt(s) - 0.00%
Penalty Kill
Vancouver Canucks - 1 on 1 Attempt(s) - 100.00%
- Score 0 goal in Penalty Kill
San Jose Sharks - 7 on 9 Attempt(s) - 77.78%
- Score 0 goal in Penalty Kill
Team Stat
Vancouver Canucks - Hits : 21 - Faceoff Wins : 29 - Blocked Shots : 8 - Penalty Minutes : 2
San Jose Sharks - Hits : 19 - Faceoff Wins : 32 - Blocked Shots : 11 - Penalty Minutes : 31
Official
Referees : Kevin Pollock and Chris Lee
Linesman : Andrew Smith and Kilian McNamara
Game Notes
Connor Murphy (SJS) for Spearing (Major / Game Misconduct) at 5:32
Connor Murphy ejected from game at 5:32 of 2nd period
Finance
Level 1 -- Attendance: 5074 (84.57%) -- Ticket Income $492,178
Level 2 -- Attendance: 4458 (89.16%) -- Ticket Income $254,106
Level 3 -- Attendance: 2973 (99.10%) -- Ticket Income $98,109
Level 4 -- Attendance: 5000 (100.00%) -- Ticket Income $110,000
Luxury Box -- Attendance: 857 (85.70%) -- Ticket Income $165,401
Game was played at the SAP Center at San Jose.
Total Attendance: 18362 (91.81%)
Total Ticket Income: $1,119,794
Other Income: $391,928
Total Income: $1,511,722
Vancouver Canucks
5 vs 5 Forward
Center Left Wing Right Wing Time % Phy DF OF
1 Aku Raty Clayton Keller Mikko Rantanen 40 1 1 3
2 Jesperi Kotkaniemi Connor Zary Artturi Lehkonen 30 1 2 2
3 Casey Mittelstadt Robby Fabbri Ty Dellandrea 20 1 2 2
4 Anton Lundell Matias Maccelli Brett Leason 10 1 3 1
5 vs 5 Defense
Defense Defense Time % Phy DF OF
1 Noah Hanifin Miro Heiskanen 30 1 2 2
2 Ryan McDonagh Emil Martinsen Lilleberg 30 1 2 2
3 Chad Ruhwedel Jacob Bernard-Docker 25 1 2 2
4 Noah Hanifin Miro Heiskanen 15 1 2 2
PowerPlay Forward
Center Left Wing Right Wing Time % Phy DF OF
1 Mikko Rantanen Clayton Keller Artturi Lehkonen 50 0 1 4
2 Brett Leason Connor Zary Robby Fabbri 50 0 1 4
PowerPlay Defense
Defense Defense Time % Phy DF OF
1 Ryan McDonagh Miro Heiskanen 50 0 1 4
2 Noah Hanifin Anton Lundell 50 0 1 4
Penalty Kill 4 Players Forward
Center Wing Time % Phy DF OF
1 Mikko Rantanen Brett Leason 50 1 2 2
2 Artturi Lehkonen Ty Dellandrea 50 1 2 2
Penalty Kill 4 Players Defense
Defense Defense Time % Phy DF OF
1 Ryan McDonagh Noah Hanifin 50 1 2 2
2 Miro Heiskanen Chad Ruhwedel 50 1 2 2
Penalty Kill - 3 Players Forward
Forward Time % Phy DF OF
1 Brett Leason 50 1 2 2
2 Clayton Keller 50 1 2 2
Penalty Kill - 3 Players Defense
Defense Defense Time % Phy DF OF
1 Ryan McDonagh Noah Hanifin 50 1 2 2
2 Miro Heiskanen Chad Ruhwedel 50 1 2 2
4 vs 4 Forward
Center Wing Time % Phy DF OF
1 Mikko Rantanen Clayton Keller 50 1 2 2
2 Brett Leason Matias Maccelli 50 1 2 2
4 vs 4 Defense
Defense Defense Time % Phy DF OF
1 Noah Hanifin Miro Heiskanen 50 1 2 2
2 Ryan McDonagh Emil Martinsen Lilleberg 50 1 2 2
Last Minutes Offensive
Center Left Wing Right Wing Defense Defense
Aku Raty Clayton Keller Mikko Rantanen Ryan McDonagh Miro Heiskanen
Last Minutes Defensive
Center Left Wing Right Wing Defense Defense
Aku Raty Artturi Lehkonen Brett Leason Noah Hanifin Miro Heiskanen
Goaltenders
Starting : Justus Annunen
Backup : Ville Husso
Extra Forwards
Normal : Brett Leason, Mikko Rantanen, Clayton Keller - PP : Clayton Keller, Mikko Rantanen - PK : Mikko Rantanen
Extra Defensemen
Normal : Noah Hanifin, Miro Heiskanen, Ryan McDonagh - PP : Noah Hanifin - PK : Noah Hanifin, Miro Heiskanen
Penalty Shots
Artturi Lehkonen, Mikko Rantanen, Clayton Keller, Brett Leason, Miro Heiskanen
Scratches
Adam Boqvist (Healthy), Aleksander Barkov (Healthy), Jacob Bryson (Healthy), Joonas Korpisalo (Healthy)
San Jose Sharks
5 vs 5 Forward
Center Left Wing Right Wing Time % Phy DF OF
1 Adam Henrique Kevin Fiala Yegor Sharangovich 30 1 2 2
2 Ryan Johansen Matthew Knies Jonathan Drouin 30 1 2 2
3 Max Domi Brandon Tanev T.J. Oshie 25 1 2 2
4 Noel Acciari Eeli Tolvanen Ilya Mikheyev 15 1 2 2
5 vs 5 Defense
Defense Defense Time % Phy DF OF
1 Marcus Pettersson Connor Murphy 30 1 2 2
2 Christopher Tanev Sean Durzi 30 1 2 2
3 Dmitry Orlov Alec Martinez 25 1 2 2
4 Marcus Pettersson Connor Murphy 15 1 2 2
PowerPlay Forward
Center Left Wing Right Wing Time % Phy DF OF
1 Adam Henrique Kevin Fiala Yegor Sharangovich 50 1 2 2
2 Ryan Johansen Matthew Knies Jonathan Drouin 50 1 2 2
PowerPlay Defense
Defense Defense Time % Phy DF OF
1 Marcus Pettersson Connor Murphy 50 1 2 2
2 Christopher Tanev Sean Durzi 50 1 2 2
Penalty Kill 4 Players Forward
Center Wing Time % Phy DF OF
1 Adam Henrique Kevin Fiala 50 1 2 2
2 Ryan Johansen Yegor Sharangovich 50 1 2 2
Penalty Kill 4 Players Defense
Defense Defense Time % Phy DF OF
1 Marcus Pettersson Connor Murphy 50 1 2 2
2 Christopher Tanev Sean Durzi 50 1 2 2
Penalty Kill - 3 Players Forward
Forward Time % Phy DF OF
1 Adam Henrique 50 1 2 2
2 Noel Acciari 50 1 2 2
Penalty Kill - 3 Players Defense
Defense Defense Time % Phy DF OF
1 Marcus Pettersson Connor Murphy 50 1 2 2
2 Christopher Tanev Sean Durzi 50 1 2 2
4 vs 4 Forward
Center Wing Time % Phy DF OF
1 Adam Henrique Kevin Fiala 50 1 2 2
2 Ryan Johansen Yegor Sharangovich 50 1 2 2
4 vs 4 Defense
Defense Defense Time % Phy DF OF
1 Marcus Pettersson Connor Murphy 50 1 2 2
2 Christopher Tanev Sean Durzi 50 1 2 2
Last Minutes Offensive
Center Left Wing Right Wing Defense Defense
Adam Henrique Kevin Fiala Yegor Sharangovich Marcus Pettersson Connor Murphy
Last Minutes Defensive
Center Left Wing Right Wing Defense Defense
Adam Henrique Kevin Fiala Yegor Sharangovich Marcus Pettersson Connor Murphy
Goaltenders
Starting : Stuart Skinner
Backup : Tristan Jarry
Extra Forwards
Normal : Ilya Mikheyev, Ryan Johansen, Brandon Tanev - PP : Ilya Mikheyev, Ryan Johansen - PK : Brandon Tanev
Extra Defensemen
Normal : Dmitry Orlov, Alec Martinez, Christopher Tanev - PP : Dmitry Orlov - PK : Alec Martinez, Christopher Tanev
Penalty Shots
Adam Henrique, Kevin Fiala, Yegor Sharangovich, Jonathan Drouin, T.J. Oshie
Scratches
Kasperi Kapanen (Healthy), Calle Jarnkrok (Healthy), Nick Perbix (Healthy), Clay Stevenson (Healthy)
% Time on Ice - Vancouver Canucks
Lines # - Real PCT - Wanted PCT - Time Play
Normal Forward
1 - 41% - 40% - 15:09
2 - 30% - 30% - 11:08
3 - 18% - 20% - 6:43
4 - 12% - 10% - 4:24
Normal Defense
1 - 29% - 30% - 10:50
2 - 31% - 30% - 11:37
3 - 32% - 25% - 11:50
4 - 8% - 15% - 3:07
PP Forward
1 - 46% - 50% - 9:25
2 - 54% - 50% - 10:55
PP Defense
1 - 49% - 50% - 10:03
2 - 51% - 50% - 10:17
PK Forward
1 - 54% - 50% - 1:04
2 - 46% - 50% - 0:55
PK Defense
1 - 53% - 50% - 1:03
2 - 47% - 50% - 0:56
PK3 Forward
1 - 0% - 50%
2 - 0% - 50%
PK3 Defense
1 - 0% - 50%
2 - 0% - 50%
44 Forward
1 - 0% - 50%
2 - 0% - 50%
44 Defense
1 - 0% - 50%
2 - 0% - 50%
Last Minute Offensive - 0:17
Last Minute Defensive - 0:00
Total
Forward - 60:00
Defense - 60:00
|
% Time on Ice - San Jose Sharks
Lines # - Real PCT - Wanted PCT - Time Play
Normal Forward
1 - 30% - 30% - 11:17
2 - 27% - 30% - 10:11
3 - 23% - 25% - 8:41
4 - 19% - 15% - 7:18
Normal Defense
1 - 31% - 30% - 11:42
2 - 35% - 30% - 13:10
3 - 24% - 25% - 8:51
4 - 10% - 15% - 3:44
PP Forward
1 - 45% - 50% - 0:54
2 - 55% - 50% - 1:05
PP Defense
1 - 55% - 50% - 1:05
2 - 45% - 50% - 0:54
PK Forward
1 - 47% - 50% - 9:31
2 - 53% - 50% - 10:49
PK Defense
1 - 57% - 50% - 11:38
2 - 43% - 50% - 8:42
PK3 Forward
1 - 0% - 50%
2 - 0% - 50%
PK3 Defense
1 - 0% - 50%
2 - 0% - 50%
44 Forward
1 - 0% - 50%
2 - 0% - 50%
44 Defense
1 - 0% - 50%
2 - 0% - 50%
Last Minute Offensive - 0:00
Last Minute Defensive - 0:14
Total
Forward - 60:00
Defense - 60:00
|
Play-by-Play
1st period
0:01 of 1st period - Adam Henrique wins face-off versus Mikko Rantanen in neutral zone.
0:08 of 1st period - Snap shot by Clayton Keller.
0:08 of 1st period - Stopped by Stuart Skinner without a rebound.
0:09 of 1st period - Jesperi Kotkaniemi wins face-off versus Ryan Johansen in San Jose Sharks zone.
0:12 of 1st period - Wrist shot by Connor Zary.
0:12 of 1st period - Stopped by Stuart Skinner with a rebound.
0:26 of 1st period - Minor Penalty to Ryan Johansen for Cross-checking.
0:27 of 1st period - Adam Henrique wins face-off versus Mikko Rantanen in San Jose Sharks zone.
0:37 of 1st period - Slapshot by Mikko Rantanen.
0:37 of 1st period - Shot Misses the Net.
0:39 of 1st period - Snap shot by Ryan McDonagh.
0:39 of 1st period - Shot Blocked by Brandon Tanev.
0:41 of 1st period - Snap shot by Clayton Keller.
0:41 of 1st period - Shot Blocked by Connor Murphy.
1:14 of 1st period - Snap shot by Artturi Lehkonen.
1:14 of 1st period - Shot Misses the Net.
2:08 of 1st period - Wrist shot by Robby Fabbri.
2:08 of 1st period - Goal by Robby Fabbri - Vancouver Canucks : 1 - San Jose Sharks : 0.
2:09 of 1st period - T.J. Oshie wins face-off versus Aku Raty in neutral zone.
2:12 of 1st period - Mikko Rantanen is hit by Max Domi and loses puck.
2:35 of 1st period - Aku Raty is hit by Ryan Johansen.
3:09 of 1st period - Minor Penalty to Adam Henrique for Slashing.
3:10 of 1st period - Ryan Johansen wins face-off versus Brett Leason in San Jose Sharks zone.
4:01 of 1st period - Snap shot by Robby Fabbri.
4:01 of 1st period - Shot Blocked by Yegor Sharangovich.
4:03 of 1st period - Slapshot by Miro Heiskanen.
4:03 of 1st period - Shot Misses the Net.
4:05 of 1st period - Wrist shot by Brett Leason.
4:05 of 1st period - Stopped by Stuart Skinner without a rebound.
4:06 of 1st period - Mikko Rantanen wins face-off versus Brandon Tanev in San Jose Sharks zone.
4:17 of 1st period - Slapshot by Mikko Rantanen.
4:17 of 1st period - Shot Misses the Net.
5:09 of 1st period - Penalty to Adam Henrique is over, Adam Henrique is back on ice.
5:20 of 1st period - Wrist shot by Kevin Fiala.
5:20 of 1st period - Stopped by Justus Annunen with a rebound.
5:22 of 1st period - Wrist shot by Kevin Fiala.
5:22 of 1st period - Shot Misses the Net.
5:24 of 1st period - Snap shot by Kevin Fiala.
5:24 of 1st period - Shot Blocked by Anton Lundell.
5:26 of 1st period - Wrist shot by Yegor Sharangovich.
5:26 of 1st period - Stopped by Justus Annunen with a rebound.
5:28 of 1st period - Wrist shot by Yegor Sharangovich.
5:28 of 1st period - Shot Hit the Post.
5:30 of 1st period - Snap shot by Connor Murphy.
5:30 of 1st period - Stopped by Justus Annunen with a rebound.
5:32 of 1st period - Snap shot by Yegor Sharangovich.
5:32 of 1st period - Deflect By Adam Henrique.
5:32 of 1st period - Shot Misses the Net.
5:32 of 1st period - Puck is out of play.
5:33 of 1st period - Jesperi Kotkaniemi wins face-off versus Ryan Johansen in Vancouver Canucks zone.
5:41 of 1st period - Minor Penalty to Ryan Johansen for Roughing.
5:42 of 1st period - Mikko Rantanen wins face-off versus Brandon Tanev in San Jose Sharks zone.
6:56 of 1st period - Adam Henrique is hit by Clayton Keller and loses puck.
7:41 of 1st period - Penalty to Ryan Johansen is over, Ryan Johansen is back on ice.
7:51 of 1st period - Slapshot by Sean Durzi.
7:51 of 1st period - Deflect By Eeli Tolvanen.
7:51 of 1st period - Goal by Eeli Tolvanen - Vancouver Canucks : 1 - San Jose Sharks : 1.
7:52 of 1st period - Max Domi wins face-off versus Casey Mittelstadt in neutral zone.
8:01 of 1st period - Ty Dellandrea is hit by Brandon Tanev.
8:48 of 1st period - Wrist shot by Kevin Fiala.
8:48 of 1st period - Stopped by Justus Annunen without a rebound.
8:49 of 1st period - Max Domi wins face-off versus Aku Raty in Vancouver Canucks zone.
9:24 of 1st period - Wrist shot by Connor Zary.
9:24 of 1st period - Stopped by Stuart Skinner with a rebound.
9:26 of 1st period - Wrist shot by Artturi Lehkonen.
9:26 of 1st period - Shot Blocked by Sean Durzi.
9:44 of 1st period - Slapshot by Jonathan Drouin.
9:44 of 1st period - Stopped by Justus Annunen without a rebound.
9:45 of 1st period - Aku Raty wins face-off versus Max Domi in Vancouver Canucks zone.
10:10 of 1st period - Ryan Johansen is hit by Connor Zary and loses puck.
10:27 of 1st period - Icing by Connor Murphy.
10:28 of 1st period - Adam Henrique wins face-off versus Anton Lundell in San Jose Sharks zone.
10:37 of 1st period - Marcus Pettersson is hit by Brett Leason and loses puck.
10:54 of 1st period - Slapshot by Eeli Tolvanen.
10:54 of 1st period - Shot Blocked by Clayton Keller.
10:56 of 1st period - Slapshot by Noel Acciari.
10:56 of 1st period - Shot Blocked by Jacob Bernard-Docker.
10:58 of 1st period - Slapshot by Noel Acciari.
10:58 of 1st period - Stopped by Justus Annunen without a rebound.
10:59 of 1st period - Noel Acciari wins face-off versus Aku Raty in Vancouver Canucks zone.
11:24 of 1st period - Alec Martinez is hit by Miro Heiskanen and loses puck.
11:31 of 1st period - Wrist shot by Artturi Lehkonen.
11:31 of 1st period - Stopped by Stuart Skinner with a rebound.
11:45 of 1st period - Ryan McDonagh is hit by Max Domi and loses puck.
12:08 of 1st period - Slapshot by Clayton Keller.
12:08 of 1st period - Stopped by Stuart Skinner without a rebound.
12:09 of 1st period - Aku Raty wins face-off versus Adam Henrique in San Jose Sharks zone.
12:46 of 1st period - Wrist shot by Kevin Fiala.
12:46 of 1st period - Shot Misses the Net.
12:54 of 1st period - Snap shot by Adam Henrique.
12:54 of 1st period - Shot Blocked by Noah Hanifin.
12:56 of 1st period - Wrist shot by Adam Henrique.
12:56 of 1st period - Goal by Adam Henrique - Vancouver Canucks : 1 - San Jose Sharks : 2.
12:57 of 1st period - Ryan Johansen wins face-off versus Jesperi Kotkaniemi in neutral zone.
13:10 of 1st period - Slapshot by Jonathan Drouin.
13:10 of 1st period - Stopped by Justus Annunen with a rebound.
13:24 of 1st period - T.J. Oshie is hit by Robby Fabbri and loses puck.
13:52 of 1st period - Snap shot by Clayton Keller.
13:52 of 1st period - Shot Misses the Net.
13:54 of 1st period - Slapshot by Noah Hanifin.
13:54 of 1st period - Stopped by Stuart Skinner without a rebound.
13:55 of 1st period - Jesperi Kotkaniemi wins face-off versus Ryan Johansen in San Jose Sharks zone.
14:08 of 1st period - Slapshot by Connor Zary.
14:08 of 1st period - Shot Blocked by Ryan Johansen.
14:10 of 1st period - Snap shot by Connor Zary.
14:10 of 1st period - Stopped by Stuart Skinner without a rebound.
14:11 of 1st period - Aku Raty wins face-off versus Max Domi in San Jose Sharks zone.
14:14 of 1st period - Slapshot by Clayton Keller.
14:14 of 1st period - Shot Blocked by T.J. Oshie.
14:38 of 1st period - Connor Murphy is hit by Connor Zary and loses puck.
15:07 of 1st period - Alec Martinez is hit by Emil Martinsen Lilleberg.
15:17 of 1st period - Ilya Mikheyev is hit by Brett Leason.
15:41 of 1st period - Snap shot by Mikko Rantanen.
15:41 of 1st period - Shot Misses the Net.
15:43 of 1st period - Snap shot by Ryan McDonagh.
15:43 of 1st period - Stopped by Stuart Skinner with a rebound.
15:45 of 1st period - Wrist shot by Clayton Keller.
15:45 of 1st period - Stopped by Stuart Skinner with a rebound.
15:47 of 1st period - Slapshot by Mikko Rantanen.
15:47 of 1st period - Shot Blocked by Max Domi.
15:49 of 1st period - Wrist shot by Mikko Rantanen.
15:49 of 1st period - Stopped by Stuart Skinner without a rebound.
15:50 of 1st period - Jesperi Kotkaniemi wins face-off versus Ryan Johansen in San Jose Sharks zone.
16:40 of 1st period - Alec Martinez is hit by Casey Mittelstadt and loses puck.
17:08 of 1st period - Jacob Bernard-Docker is hit by Eeli Tolvanen and loses puck.
17:49 of 1st period - Snap shot by Ilya Mikheyev.
17:49 of 1st period - Stopped by Justus Annunen without a rebound.
17:50 of 1st period - Jesperi Kotkaniemi wins face-off versus Ryan Johansen in Vancouver Canucks zone.
17:55 of 1st period - Slapshot by Matthew Knies.
17:55 of 1st period - Shot Misses the Net.
17:57 of 1st period - Wrist shot by Matthew Knies.
17:57 of 1st period - Stopped by Justus Annunen without a rebound.
17:58 of 1st period - Ryan Johansen wins face-off versus Jesperi Kotkaniemi in Vancouver Canucks zone.
17:59 of 1st period - Wrist shot by Jonathan Drouin.
17:59 of 1st period - Stopped by Justus Annunen with a rebound.
18:01 of 1st period - Wrist shot by Ryan Johansen.
18:01 of 1st period - Goal by Ryan Johansen - Vancouver Canucks : 1 - San Jose Sharks : 3.
18:02 of 1st period - Adam Henrique wins face-off versus Aku Raty in neutral zone.
18:49 of 1st period - Snap shot by Robby Fabbri.
18:49 of 1st period - Stopped by Stuart Skinner with a rebound.
18:51 of 1st period - Snap shot by Casey Mittelstadt.
18:51 of 1st period - Goal by Casey Mittelstadt - Vancouver Canucks : 2 - San Jose Sharks : 3.
18:52 of 1st period - Kevin Fiala wins face-off versus Aku Raty in neutral zone.
19:07 of 1st period - Wrist shot by Clayton Keller.
19:07 of 1st period - Stopped by Stuart Skinner without a rebound.
19:08 of 1st period - Jesperi Kotkaniemi wins face-off versus Ryan Johansen in San Jose Sharks zone.
19:34 of 1st period - Artturi Lehkonen is hit by Connor Murphy and loses puck.
Goals for this period are 2 for Vancouver Canucks vs 3 for San Jose Sharks.
Shots for this period are 15 for Vancouver Canucks vs 13 for San Jose Sharks.
2nd period
0:01 of 2nd period - Max Domi wins face-off versus Aku Raty in neutral zone.
0:27 of 2nd period - Matthew Knies is hit by Ty Dellandrea and loses puck.
0:58 of 2nd period - Brett Leason is hit by Connor Murphy and loses puck.
1:22 of 2nd period - Snap shot by Yegor Sharangovich.
1:22 of 2nd period - Shot Misses the Net.
1:24 of 2nd period - Wrist shot by Adam Henrique.
1:24 of 2nd period - Stopped by Justus Annunen with a rebound.
1:26 of 2nd period - Snap shot by Yegor Sharangovich.
1:26 of 2nd period - Stopped by Justus Annunen without a rebound.
1:27 of 2nd period - Max Domi wins face-off versus Aku Raty in Vancouver Canucks zone.
1:50 of 2nd period - Minor Penalty to Max Domi for Tripping.
1:51 of 2nd period - Adam Henrique wins face-off versus Mikko Rantanen in San Jose Sharks zone.
2:26 of 2nd period - Adam Henrique is hit by Anton Lundell and loses puck.
2:45 of 2nd period - Slapshot by Ryan Johansen.
2:45 of 2nd period - Shot Blocked by Noah Hanifin.
3:37 of 2nd period - Sean Durzi is hit by Ty Dellandrea and loses puck.
3:42 of 2nd period - Wrist shot by Matias Maccelli.
3:42 of 2nd period - Shot Misses the Net.
3:50 of 2nd period - Penalty to Max Domi is over, Max Domi is back on ice.
5:32 of 2nd period - Major / Game Misconduct Penalty to Connor Murphy for Spearing.
5:32 of 2nd period - Connor Murphy is ejected from game.
5:33 of 2nd period - Adam Henrique wins face-off versus Brett Leason in San Jose Sharks zone.
7:09 of 2nd period - Noah Hanifin is hit by Yegor Sharangovich and loses puck.
7:16 of 2nd period - Marcus Pettersson is hit by Mikko Rantanen and loses puck.
8:09 of 2nd period - Icing by Miro Heiskanen.
8:10 of 2nd period - Brett Leason wins face-off versus Adam Henrique in Vancouver Canucks zone.
8:10 of 2nd period - Brett Leason is hit by Christopher Tanev.
10:32 of 2nd period - Penalty to Connor Murphy is over, Brandon Tanev is send on ice.
10:54 of 2nd period - Wrist shot by Ilya Mikheyev.
10:54 of 2nd period - Stopped by Justus Annunen with a rebound.
11:12 of 2nd period - Snap shot by Jonathan Drouin.
11:12 of 2nd period - Shot Blocked by Chad Ruhwedel.
11:14 of 2nd period - Wrist shot by Matthew Knies.
11:14 of 2nd period - Shot Misses the Net.
13:47 of 2nd period - Icing by Alec Martinez.
13:48 of 2nd period - Adam Henrique wins face-off versus Aku Raty in San Jose Sharks zone.
13:50 of 2nd period - Icing by Kevin Fiala.
13:51 of 2nd period - Aku Raty wins face-off versus Adam Henrique in San Jose Sharks zone.
13:54 of 2nd period - Snap shot by Clayton Keller.
13:54 of 2nd period - Stopped by Stuart Skinner with a rebound.
14:00 of 2nd period - Mikko Rantanen is hit by Christopher Tanev and loses puck.
14:27 of 2nd period - Artturi Lehkonen is hit by Jonathan Drouin and loses puck.
14:43 of 2nd period - Connor Zary is hit by Matthew Knies and loses puck.
14:52 of 2nd period - Snap shot by Jonathan Drouin.
14:52 of 2nd period - Goal by Jonathan Drouin - Vancouver Canucks : 2 - San Jose Sharks : 4.
14:53 of 2nd period - Aku Raty wins face-off versus Adam Henrique in neutral zone.
15:00 of 2nd period - Slapshot by Christopher Tanev.
15:00 of 2nd period - Deflect By Clayton Keller.
15:00 of 2nd period - Stopped by Justus Annunen without a rebound.
15:01 of 2nd period - Aku Raty wins face-off versus Adam Henrique in Vancouver Canucks zone.
15:15 of 2nd period - Wrist shot by Mikko Rantanen.
15:15 of 2nd period - Stopped by Stuart Skinner without a rebound.
15:16 of 2nd period - Casey Mittelstadt wins face-off versus Max Domi in San Jose Sharks zone.
15:23 of 2nd period - Backhand shot by Robby Fabbri.
15:23 of 2nd period - Shot Misses the Net.
15:29 of 2nd period - Snap shot by Robby Fabbri.
15:29 of 2nd period - Stopped by Stuart Skinner with a rebound.
15:31 of 2nd period - Slapshot by Casey Mittelstadt.
15:31 of 2nd period - Stopped by Stuart Skinner with a rebound.
15:41 of 2nd period - Miro Heiskanen is hit by Kevin Fiala and loses puck.
16:04 of 2nd period - Snap shot by Artturi Lehkonen.
16:04 of 2nd period - Stopped by Stuart Skinner with a rebound.
16:33 of 2nd period - Noel Acciari is hit by Anton Lundell and loses puck.
16:44 of 2nd period - Snap shot by T.J. Oshie.
16:44 of 2nd period - Shot Blocked by Robby Fabbri.
16:46 of 2nd period - Snap shot by Max Domi.
16:46 of 2nd period - Stopped by Justus Annunen without a rebound.
16:47 of 2nd period - Max Domi wins face-off versus Casey Mittelstadt in Vancouver Canucks zone.
16:48 of 2nd period - Wrist shot by T.J. Oshie.
16:48 of 2nd period - Stopped by Justus Annunen without a rebound.
16:49 of 2nd period - Max Domi wins face-off versus Aku Raty in Vancouver Canucks zone.
16:49 of 2nd period - Minor Penalty to Max Domi for Hooking.
16:50 of 2nd period - Adam Henrique wins face-off versus Mikko Rantanen in San Jose Sharks zone.
17:25 of 2nd period - Adam Henrique is hit by Connor Zary and loses puck.
17:30 of 2nd period - Wrist shot by Connor Zary.
17:30 of 2nd period - Shot Misses the Net.
17:59 of 2nd period - Icing by Connor Zary.
18:00 of 2nd period - Robby Fabbri wins face-off versus Adam Henrique in Vancouver Canucks zone.
18:02 of 2nd period - Icing by Anton Lundell.
18:03 of 2nd period - Brett Leason wins face-off versus Kevin Fiala in Vancouver Canucks zone.
18:34 of 2nd period - Wrist shot by Robby Fabbri.
18:34 of 2nd period - Goal by Robby Fabbri - Vancouver Canucks : 3 - San Jose Sharks : 4.
18:35 of 2nd period - Aku Raty wins face-off versus Kevin Fiala in neutral zone.
19:03 of 2nd period - Snap shot by Mikko Rantanen.
19:03 of 2nd period - Deflect By Artturi Lehkonen.
19:03 of 2nd period - Shot Hit the Post.
19:03 of 2nd period - Puck is out of play.
19:04 of 2nd period - Ryan Johansen wins face-off versus Jesperi Kotkaniemi in San Jose Sharks zone.
19:11 of 2nd period - Snap shot by Matthew Knies.
19:11 of 2nd period - Stopped by Justus Annunen with a rebound.
19:23 of 2nd period - Matthew Knies is hit by Artturi Lehkonen.
19:31 of 2nd period - Snap shot by Jonathan Drouin.
19:31 of 2nd period - Stopped by Justus Annunen with a rebound.
19:58 of 2nd period - Robby Fabbri is hit by Yegor Sharangovich and loses puck.
Goals for this period are 1 for Vancouver Canucks vs 1 for San Jose Sharks.
Shots for this period are 6 for Vancouver Canucks vs 9 for San Jose Sharks.
3rd period
0:01 of 3rd period - Adam Henrique wins face-off versus Mikko Rantanen in neutral zone.
0:16 of 3rd period - Snap shot by Clayton Keller.
0:16 of 3rd period - Shot Misses the Net.
0:33 of 3rd period - Slapshot by Artturi Lehkonen.
0:33 of 3rd period - Deflect By Connor Zary.
0:33 of 3rd period - Shot Misses the Net.
0:33 of 3rd period - Puck is out of play.
0:34 of 3rd period - Max Domi wins face-off versus Aku Raty in San Jose Sharks zone.
0:36 of 3rd period - Icing by Brandon Tanev.
0:37 of 3rd period - Aku Raty wins face-off versus Max Domi in San Jose Sharks zone.
0:50 of 3rd period - Brandon Tanev is hit by Aku Raty.
1:30 of 3rd period - Wrist shot by Eeli Tolvanen.
1:30 of 3rd period - Stopped by Justus Annunen without a rebound.
1:31 of 3rd period - Noel Acciari wins face-off versus Aku Raty in Vancouver Canucks zone.
1:44 of 3rd period - Wrist shot by Mikko Rantanen.
1:44 of 3rd period - Stopped by Stuart Skinner with a rebound.
1:46 of 3rd period - Slapshot by Noah Hanifin.
1:46 of 3rd period - Stopped by Stuart Skinner without a rebound.
1:47 of 3rd period - Casey Mittelstadt wins face-off versus Adam Henrique in San Jose Sharks zone.
1:48 of 3rd period - Slapshot by Miro Heiskanen.
1:48 of 3rd period - Shot Misses the Net.
2:19 of 3rd period - Wrist shot by Clayton Keller.
2:19 of 3rd period - Shot Misses the Net.
2:21 of 3rd period - Slapshot by Mikko Rantanen.
2:21 of 3rd period - Shot Misses the Net.
2:27 of 3rd period - Wrist shot by Mikko Rantanen.
2:27 of 3rd period - Shot Misses the Net.
2:33 of 3rd period - Minor Penalty to Jonathan Drouin for Delaying the game.
2:34 of 3rd period - Adam Henrique wins face-off versus Mikko Rantanen in San Jose Sharks zone.
2:34 of 3rd period - Adam Henrique is hit by Artturi Lehkonen.
4:33 of 3rd period - Penalty to Jonathan Drouin is over, Jonathan Drouin is back on ice.
5:11 of 3rd period - Jacob Bernard-Docker is hit by Matthew Knies and loses puck.
5:40 of 3rd period - Icing by Eeli Tolvanen.
5:41 of 3rd period - Anton Lundell wins face-off versus Noel Acciari in San Jose Sharks zone.
6:06 of 3rd period - Kevin Fiala is hit by Miro Heiskanen and loses puck.
6:14 of 3rd period - Icing by Christopher Tanev.
6:15 of 3rd period - Anton Lundell wins face-off versus Max Domi in San Jose Sharks zone.
6:26 of 3rd period - Anton Lundell is hit by Christopher Tanev and loses puck.
6:49 of 3rd period - Wrist shot by Jonathan Drouin.
6:49 of 3rd period - Shot Misses the Net.
7:31 of 3rd period - Wrist shot by Clayton Keller.
7:31 of 3rd period - Shot Blocked by Christopher Tanev.
7:33 of 3rd period - Snap shot by Aku Raty.
7:33 of 3rd period - Stopped by Stuart Skinner with a rebound.
7:35 of 3rd period - Snap shot by Aku Raty.
7:35 of 3rd period - Stopped by Stuart Skinner with a rebound.
7:37 of 3rd period - Snap shot by Mikko Rantanen.
7:37 of 3rd period - Shot Blocked by Sean Durzi.
8:54 of 3rd period - Wrist shot by Mikko Rantanen.
8:54 of 3rd period - Shot Blocked by Sean Durzi.
8:56 of 3rd period - Snap shot by Aku Raty.
8:56 of 3rd period - Shot Misses the Net.
9:26 of 3rd period - Snap shot by Clayton Keller.
9:26 of 3rd period - Stopped by Stuart Skinner with a rebound.
9:28 of 3rd period - Slapshot by Jacob Bernard-Docker.
9:28 of 3rd period - Shot Blocked by Christopher Tanev.
9:30 of 3rd period - Snap shot by Aku Raty.
9:30 of 3rd period - Stopped by Stuart Skinner with a rebound.
9:44 of 3rd period - Wrist shot by Mikko Rantanen.
9:44 of 3rd period - Shot Misses the Net.
9:56 of 3rd period - Wrist shot by Yegor Sharangovich.
9:56 of 3rd period - Stopped by Justus Annunen without a rebound.
9:57 of 3rd period - Ryan Johansen wins face-off versus Jesperi Kotkaniemi in Vancouver Canucks zone.
9:58 of 3rd period - Wrist shot by Jonathan Drouin.
9:58 of 3rd period - Shot Misses the Net.
10:00 of 3rd period - Wrist shot by Matthew Knies.
10:00 of 3rd period - Shot Misses the Net.
10:02 of 3rd period - Wrist shot by Matthew Knies.
10:02 of 3rd period - Stopped by Justus Annunen without a rebound.
10:03 of 3rd period - Jesperi Kotkaniemi wins face-off versus Ryan Johansen in Vancouver Canucks zone.
10:14 of 3rd period - Wrist shot by Artturi Lehkonen.
10:14 of 3rd period - Stopped by Stuart Skinner with a rebound.
10:16 of 3rd period - Minor Penalty to Matthew Knies for Holding.
10:17 of 3rd period - Brett Leason wins face-off versus Brandon Tanev in San Jose Sharks zone.
11:27 of 3rd period - Icing by Connor Zary.
11:28 of 3rd period - Brett Leason wins face-off versus Max Domi in Vancouver Canucks zone.
12:16 of 3rd period - Penalty to Matthew Knies is over, Matthew Knies is back on ice.
12:37 of 3rd period - Robby Fabbri is hit by Ryan Johansen.
12:42 of 3rd period - Minor Penalty to Robby Fabbri for Tripping.
12:43 of 3rd period - Ryan Johansen wins face-off versus Artturi Lehkonen in Vancouver Canucks zone.
12:45 of 3rd period - Snap shot by Jonathan Drouin.
12:45 of 3rd period - Stopped by Justus Annunen with a rebound.
12:47 of 3rd period - Slapshot by Marcus Pettersson.
12:47 of 3rd period - Deflect By Matthew Knies.
12:47 of 3rd period - Shot Blocked by Ryan McDonagh.
12:47 of 3rd period - Puck is out of play.
12:48 of 3rd period - Artturi Lehkonen wins face-off versus Matthew Knies in Vancouver Canucks zone.
12:59 of 3rd period - Wrist shot by Matthew Knies.
12:59 of 3rd period - Shot Misses the Net.
13:01 of 3rd period - Wrist shot by Matthew Knies.
13:01 of 3rd period - Shot Misses the Net.
13:03 of 3rd period - Slapshot by Dmitry Orlov.
13:03 of 3rd period - Stopped by Justus Annunen with a rebound.
14:42 of 3rd period - Penalty to Robby Fabbri is over, Robby Fabbri is back on ice.
14:52 of 3rd period - Connor Zary is hit by Alec Martinez.
15:01 of 3rd period - Off-side.
15:02 of 3rd period - Noel Acciari wins face-off versus Aku Raty in neutral zone.
15:29 of 3rd period - Slapshot by Max Domi.
15:29 of 3rd period - Stopped by Justus Annunen without a rebound.
15:30 of 3rd period - Max Domi wins face-off versus Aku Raty in Vancouver Canucks zone.
15:57 of 3rd period - Matias Maccelli is hit by Ilya Mikheyev and loses puck.
16:04 of 3rd period - Slapshot by Ilya Mikheyev.
16:04 of 3rd period - Stopped by Justus Annunen without a rebound.
16:05 of 3rd period - Noel Acciari wins face-off versus Casey Mittelstadt in Vancouver Canucks zone.
16:16 of 3rd period - Slapshot by Ryan McDonagh.
16:16 of 3rd period - Deflect By Ilya Mikheyev.
16:16 of 3rd period - Stopped by Stuart Skinner without a rebound.
16:17 of 3rd period - Casey Mittelstadt wins face-off versus Max Domi in San Jose Sharks zone.
16:20 of 3rd period - Slapshot by Casey Mittelstadt.
16:20 of 3rd period - Shot Misses the Net.
16:38 of 3rd period - Minor Penalty to Dmitry Orlov for Holding.
16:39 of 3rd period - Adam Henrique wins face-off versus Mikko Rantanen in San Jose Sharks zone.
18:08 of 3rd period - Marcus Pettersson is hit by Robby Fabbri and loses puck.
18:38 of 3rd period - Penalty to Dmitry Orlov is over, Dmitry Orlov is back on ice.
18:39 of 3rd period - Snap shot by Brandon Tanev.
18:39 of 3rd period - Shot Misses the Net.
18:41 of 3rd period - Wrist shot by Brandon Tanev.
18:41 of 3rd period - Shot Misses the Net.
19:03 of 3rd period - Wrist shot by Yegor Sharangovich.
19:03 of 3rd period - Stopped by Justus Annunen with a rebound.
19:05 of 3rd period - Snap shot by Kevin Fiala.
19:05 of 3rd period - Stopped by Justus Annunen with a rebound.
19:07 of 3rd period - Wrist shot by Yegor Sharangovich.
19:07 of 3rd period - Goal by Yegor Sharangovich - Vancouver Canucks : 3 - San Jose Sharks : 5.
19:08 of 3rd period - Casey Mittelstadt wins face-off versus Max Domi in neutral zone.
19:23 of 3rd period - Snap shot by Max Domi.
19:23 of 3rd period - Stopped by Justus Annunen without a rebound.
19:24 of 3rd period - Noel Acciari wins face-off versus Jesperi Kotkaniemi in Vancouver Canucks zone.
19:40 of 3rd period - Alec Martinez is hit by Artturi Lehkonen and loses puck.
Goals for this period are 0 for Vancouver Canucks vs 1 for San Jose Sharks.
Shots for this period are 8 for Vancouver Canucks vs 11 for San Jose Sharks.
Back to the Top